 Dungeon Crawl Stone Soup version 0.32-a0-931-g5a2cda0630 (webtiles) character file.

Game seed: 9917387798997778182

1512 dialectric the Trooper (level 8, -6/73 HPs)
             Began as a Minotaur Fighter on Apr 14, 2024.
             Was a Priest of the Shining One.
             Mangled by a yak (11 damage)
             ... on level 6 of the Dungeon.
             The game lasted 00:06:57 (4746 turns).

dialectric the Trooper (Minotaur Fighter)           Turns: 4746, Time: 00:06:58

Health: -6/73      AC: 10    Str: 24    XL:     8   Next: 53%
Magic:  7/7        EV: 10    Int:  5    God:    the Shining One [***...]
Gold:   458        SH:  0    Dex:  9    Spells: 7/7 levels left

rFire   . . .        m - +0 great mace
rCold   . . .        (shield currently unavailable)
rNeg    + . .        b - +0 scale mail
rPois   .            (helmet restricted)
rElec   .            p - +1 cloak
rCorr   .            (no gloves)
SInv    .            (no boots)
Will    .....        (no amulet) Stlth
                     (no ring)
HPRegen 0.32/turn    (no ring)
MPRegen 0.10/turn

%: no passive effects
@: glowing
A: horns 2, retaliatory headbutt
a: Renounce Religion, Divine Shield, Cleansing Flame


You were on level 6 of the Dungeon.
You worshipped the Shining One.
The Shining One was most pleased with you.
You visited 1 branch of the dungeon, and saw 6 of its levels.
You also visited: Ossuary.

You collected 458 gold pieces.

Inventory:

Hand Weapons
 a - a +0 flail
 m - a +0 great mace (weapon)
 y - a +0 flail of protection
Missiles
 j - 7 poisoned darts (quivered)
Armour
 b - a +0 scale mail (worn)
 c - a +0 buckler
 f - a scarf of shadows
 p - a +1 cloak (worn)
Jewellery
 h - an amulet of faith
Scrolls
 e - 2 scrolls of noise
 k - a scroll of enchant armour
 l - a scroll of revelation {unknown}
 o - a scroll of butterflies {unknown}
 v - a scroll of fog {unknown}
 z - a scroll of enchant weapon {unknown}
 A - a scroll of brand weapon {unknown}
 B - a scroll of immolation {unknown}
Potions
 d - 2 potions of might
 g - 3 potions of curing
 i - a potion of invisibility {unknown}
 n - 2 potions of haste
 q - a potion of cancellation {unknown}
 r - a potion of enlightenment {unknown}
 s - 2 potions of mutation
 t - 2 potions of attraction
 u - 2 potions of brilliance {unknown}
 w - 2 potions of lignification {unknown}
 x - a potion of resistance {unknown}


   Skills:
 - Level 7.3 Fighting
 + Level 6.8 Maces & Flails
 + Level 7.3 Armour
 + Level 5.6 Dodging
 - Level 3.6 Shields


You had 7 spell levels left.
You didn't know any spells.
Your spell library contained the following spells:

 Spells                   Type           Power      Damage    Failure   Level
 Freeze                   Ice            0%         1d3       75%         1
 Dazzling Flash           Conj/Hex       0%         N/A       98%         3
 Frozen Ramparts          Ice            0%         1d1       98%         3
 Hailstorm                Conj/Ice       0%         3d5       98%         3
 Animate Armour           Summ/Erth      0%         N/A       100%        4
 Summon Lightning Spire   Summ/Air       0%         N/A       100%        4
 Lee's Rapid Deconstruct  Erth           0%         3d4*      100%        5
 Conjure Ball Lightning   Conj/Air       0%         3x3d6     100%        6
 Starburst                Conj/Fire      0%         6d3       100%        6
 Discord                  Hex            0%         N/A       100%        8
 Disjunction              Tloc           0%         N/A       100%        8
 Maxwell's Capacitive Co  Air            0%         ∞         100%        8


Dungeon Overview and Level Annotations

Branches:
Dungeon (6/15)            Ossuary (visited)
 Temple: D:4-7

Altars:
The Shining One

Annotations:
D:5 1 transporter, scarr's ghost, novice OpMo


Innate Abilities, Weirdness & Mutations

You have a pair of horns on your head.
You reflexively headbutt those who attack you in melee.


Message History

A yak is nearby!
Found a robe.
A yak is nearby!
A yak is nearby!
The yak gores you!
You hit the yak but do no damage. The yak gores you!
You completely miss the yak.
The yak bellows!
You hear a bellow!
The yak gores you.
You hit the yak.
The yak is lightly wounded.
The yak gores you!
The yak gores you but does no damage. x2
You hit the yak. Your headbutt misses the yak.
The yak is moderately wounded.
The yak gores you.
You hit the yak.
The yak is moderately wounded.
The yak gores you. The yak gores you! The yak gores you.
You are too injured to fight recklessly!
You are too injured to fight recklessly!
You are too injured to fight recklessly!
You are too injured to fight recklessly!
Unknown command.
The yak gores you but does no damage. The yak attacks as it pursues you!
The yak gores you. The yak attacks as it pursues you!
The yak closely misses you. The yak attacks as it pursues you!
The yak misses you. You furiously retaliate!
You headbutt the yak! The yak attacks as it pursues you! The yak gores you.
* * * LOW HITPOINT WARNING * * *
There is a stone staircase leading down, spattered with blood here.
The yak closely misses you. The yak gores you!
* * * LOW HITPOINT WARNING * * *
You climb downwards.
There is a stone staircase leading up here.
Unknown command.
Unknown command.
The yak gores you.
* * * LOW HITPOINT WARNING * * *
The yak attacks as it pursues you! The yak gores you!
You die...

#### ########## ...###
######## ##...# ###
##......## ###.###.#
##........## #.....###
#..........# ## ####....##
#..........#
.#######)...####..........#
......#...................#
#####...#...####@.........#
.## ###.#...# ##Y.......##
..## #......# #Y.........#
...# #.##...# #..........#
...# #.##...# #..........#
...###.#....# ##..........#
............# #...........#
........#######.#........##
....#....#####..##......##


You could see a yak.

Vanquished Creatures
  Sigmund (D:4)
  A yak (D:4)
  Edmund (D:4)
  A water moccasin (D:4)
  An orc warrior (D:3)
  3 ogres
  A scorpion (D:4)
  A hound (D:6)
  A jelly (D:6)
  An orc priest (D:5)
  A sleepcap (D:4)
  3 orc wizards
  8 mummies (Ossuary)
  6 gnolls
  9 adders
  A shadow imp (D:6)
  3 ribbon worms
  15 orcs
  10 endoplasms
  3 giant cockroaches
  2 gnoll zombies (Ossuary)
  7 goblins
  8 hobgoblins
  4 jackals (D:1)
  5 kobolds
  7 quokkas
  9 ball pythons
  6 bats
  5 frilled lizards
  3 hobgoblin zombies (Ossuary)
  3 orc zombies (Ossuary)
  5 rats
135 creatures vanquished.

Notes
Turn   | Place    | Note
-------+----------+-------------------------------------------
     0 | D:1      | dialectric the Minotaur Fighter began the quest for the
                  | Orb.
     0 | D:1      | Reached XP level 1. HP: 19/19 MP: 0/0
   131 | D:1      | Reached XP level 2. HP: 24/27 MP: 1/1
   337 | D:1      | Reached skill level 1 in Dodging
   742 | D:1      | Reached XP level 3. HP: 32/33 MP: 2/2
  1228 | D:2      | Found a faded altar of an unknown god.
  1559 | D:2      | Prayed at the altar of an unknown god.
  1559 | D:2      | Became a worshipper of the Shining One
  1559 | D:2      | Reached * piety under the Shining One
  1822 | D:3      | Reached XP level 4. HP: 41/41 MP: 3/3
  2127 | D:3      | Noticed an orc warrior
  2132 | D:3      | Killed an orc warrior
  2133 | D:3      | Reached XP level 5. HP: 33/47 MP: 4/4
  2396 | D:4      | Reached skill level 5 in Armour
  2398 | D:4      | Reached ** piety under the Shining One
  2495 | D:4      | Noticed a water moccasin
  2506 | D:4      | Reached skill level 5 in Fighting
  2510 | D:4      | Killed a water moccasin
  2511 | D:4      | Reached XP level 6. HP: 33/56 MP: 5/5
  2544 | D:4      | Found a sand-covered staircase.
  2568 | Ossuary  | Entered an ossuary
  2699 | Ossuary  | Reached *** piety under the Shining One
  2948 | D:4      | Reached skill level 5 in Maces & Flails
  2948 | D:4      | Reached XP level 7. HP: 50/62 MP: 6/6
  3597 | D:4      | Noticed Edmund
  3598 | D:4      | Noticed Sigmund
  3603 | D:4      | Killed Sigmund
  3611 | D:4      | Killed Edmund
  3725 | D:5      | Entered Level 5 of the Dungeon
  3730 | D:5      | Noticed a yak
  3730 | D:5      | Noticed a yak
  3731 | D:5      | Noticed a yak
  3732 | D:5      | Noticed a yak
  3755 | D:4      | Killed a yak
  3756 | D:4      | Reached skill level 5 in Dodging
  3756 | D:4      | Reached XP level 8. HP: 58/71 MP: 7/7
  3829 | D:5      | Found a transporter.
  3970 | D:5      | Noticed scarr's ghost (novice OpMo)
  4746 | D:6      | Mangled by a yak

Illustrated notes

Levels and vault maps discovered:
D:1:      dpeg_arrival_pond, layout_basic
D:2:      layout_basic, ebering_ecumenical_altar_box, amethyst_killhole
D:3:      layout_loops_cross, skrybe_limestone_x
D:4:      layout_basic, serial_curves, eino_curves_03, eino_curves_04,
          enter_ossuary_5, grunt_ministairs_10, sigmund_edmund_badplayer
D:5:      layout_gridville, gammafunk_ghost_stat_death, nicolae_the_louvre
D:6:      layout_rooms

Skill      XL: |  1  2  3  4  5  6  7  8 |
---------------+-------------------------+-----
Dodging        | 1 2 3 5 |  5.6
Fighting       | 4 5 6 7 |  7.3
Armour         | 4 5 6 7 |  7.3
Maces & Flails | 3 4 5 6 |  6.8
Shields        | |  3.6

Action                     |  1- 3 |  4- 6 |  7- 9 || total
---------------------------+-------+-------+-------++-------
  Melee: Flail             |    83 |       |       ||    83
         Headbutt          |     8 |    15 |    13 ||    36
         Great mace        |     5 |    89 |    77 ||   171
  Throw: Dart              |       |       |     6 ||     6
    Use: Scroll            |       |     4 |     3 ||     7
         Potion            |       |     1 |     2 ||     3
 Armour: Scale mail        |    80 |   119 |   113 ||   312
  Dodge: Dodged            |    47 |    92 |    70 ||   209

Table legend: (Time is in decaauts)
 A = Elapsed time spent in this place.
 B = Non-inter-level travel time spent in this place.
 C = Inter-level travel time spent in this place.
 D = Time resting spent in this place.
 E = Time spent auto-exploring this place.
 F = Levels seen in this place.
 G = Mean time per level.
                   A        B        C        D        E       F      G
               +--------+--------+--------+--------+--------+-----+--------+
         Total |   4843 |   4598 |    245 |    455 |   3023 |   7 |  691.9 |
       Dungeon |   4527 |   4282 |    245 |    455 |   2817 |   6 |  754.5 |
       Ossuary |    316 |    316 |      0 |      0 |    206 |   1 |  316.0 |
               +--------+--------+--------+--------+--------+-----+--------+

Top non-repeatable levels by time:
     D:1: 957 daAuts
     D:4: 925 daAuts
     D:2: 882 daAuts
     D:3: 794 daAuts
     D:6: 655 daAuts
 Ossuary: 316 daAuts
     D:5: 311 daAuts
